Map: Romanticide LE

Players

KingCobra

  • Race: Protoss Protoss

ShaDoWn - Winner!

  • Race: Protoss Protoss

Event: DreamHack SC2 Masters 2021 Winter

VOD

Have the link to the VOD?

Description

Time

  • Played on: Sept. 30, 2021, 11:44 a.m.
  • Length: 4:13

All games in this series

Show
View Real Time Build Order
Export as new Build Order

KingCobra Protoss 

Build Orders: Oracle Opening 

Get SALT Encoding   

  12  0:00  Probe  
  13  0:12  Probe  
  14  0:17  Pylon  
  14  0:24  Probe  
  15  0:36  Gateway  
  15  0:37  Probe (Chrono Boost)  
  16  0:47  Assimilator, Probe (Chrono Boost)  
  17  0:52  Probe (Chrono Boost)  
  17  0:55  Assimilator  
  18  1:04  Probe (Chrono Boost)  
  19  1:06  Pylon  
  19  1:16  Probe (Chrono Boost)  
  20  1:21  Probe (Chrono Boost)  
  21  1:26  Cybernetics Core  
  21  1:30  Probe  
  22  1:42  Probe  
  22  1:44  Zealot  
  25  1:50  Pylon  
  25  1:54  Probe  
  26  2:05  Stargate  
  26  2:08  Probe  
  27  2:15  Robotics Facility  
  27  2:23  Stalker  
  27  2:29  Probe  
  30  2:35  Pylon  
  29  2:44  Probe  
  29  2:46  Oracle (Chrono Boost)  
  33  2:56  Shield Battery  
  33  2:57  Probe  
  34  3:03  Observer  
  35  3:12  Probe, Pylon  
  36  3:27  Immortal (Chrono Boost)  
  36  3:50  Probe  
  36  3:51  Pylon  
  36  3:53  Pylon  
Show
View Real Time Build Order
Export as new Build Order

ShaDoWn Protoss - Winner!

Build Orders:  

Get SALT Encoding   

  12  0:00  Probe  
  13  0:12  Probe  
  14  0:17  Pylon  
  14  0:24  Probe (Chrono Boost)  
  15  0:36  Probe (Chrono Boost)  
  15  0:37  Gateway  
  16  0:44  Probe (Chrono Boost)  
  16  0:47  Assimilator  
  17  0:51  Probe  
  17  0:56  Assimilator  
  18  1:03  Probe (Chrono Boost)  
  19  1:10  Gateway  
  19  1:15  Probe (Chrono Boost)  
  20  1:20  Probe (Chrono Boost)  
  20  1:25  Cybernetics Core  
  21  1:29  Probe  
  22  1:37  Pylon  
  22  1:42  Probe  
  23  1:55  Probe  
  23  1:59  Warp Gate (Chrono Boost)  
  24  2:01  Stalker x2  
  28  2:11  Pylon  
  29  2:31  Stalker x2  
  32  2:55  Nexus  
  32  3:03  Stalker  
  32  3:05  Stalker  
  36  3:11  Pylon  
  36  3:18  Shield Battery  
  36  3:24  Probe  
  37  3:39  Probe  
  38  3:49  Stalker x2  
  38  3:51  Probe  
  43  3:59  Twilight Council  

Tags
 
Add a new tag
Caveats
  • Supply blocks, unpowered buildings, or Contaminate may cause inaccurate times.
  • Supply counts are checked every 10 seconds.